 Dungeon Sprint DCSS version 0.31-a0-37-g98a128e1d9 (webtiles) character file.

Game seed: 2425724106302423077

1 sircluck the Ruffian (level 1, -4/31 (33) HPs)
             Began as a Troll Berserker on May 15, 2023.
             Was a Follower of Trog.
             Slain by an orc warrior
             ... wielding a +0 halberd
             ... led by an orc high priest
              (13 damage)
             ... in the Dungeon (Sprint VII: "The Pits").
             The game lasted 00:00:17 (32 turns).

sircluck the Ruffian (Troll Berserker)                Turns: 32, Time: 00:00:17

HP:   -4/31 (33)    AC:  4    Str: 24    XL:     1   Next: 16%
MP:   0/0           EV: 10    Int:  3    God:    Trog [*.....]
Gold: 0             SH:  0    Dex:  9    Spells: 0/0 levels left

rFire   . .          .
                       - Unarmed
rCold   . . .        (no shield)
rNeg    . . .        a - +0 animal skin
rPois   .            (helmet restricted)
rElec   .            (no cloak)
rCorr   .            (gloves unavailable)
SInv    .            (boots unavailable)
Will    .....        (no amulet) Stlth
                     (no ring)
HPRegen 1.05/turn    (no ring)
MPRegen 0.07/turn

%: no teleportation
@: berserking, lightly drained, very quick
A: large, unfitting armour, claws 3, regeneration 1, shaggy fur 1, tough skin 1
a: Renounce Religion, Berserk


You were in the Dungeon.
You worshipped Trog.
Trog was aware of your devotion.
You visited 1 branch

Inventory:

Armour
 a - a +0 animal skin (worn)
Scrolls
 g - a scroll of blinking
Potions
 b - a potion of curing
 c - a potion of heal wounds
 d - a potion of haste
 e - 2 potions of magic
 f - a potion of berserk rage


   Skills:
 + Level 2.6 Fighting
 + Level 2.6 Dodging
 + Level 3.2 Unarmed Combat


You couldn't memorise any spells.
You didn't know any spells.
Your spell library was empty.

Dungeon Overview and Level Annotations

Branches:
Dungeon (1/1)

Altars:


Innate Abilities, Weirdness & Mutations

You are too large for most types of armour.
You have claws for hands.
Your natural rate of healing is unusually fast.
You are covered in fur. (AC +1)
You have tough skin. (AC +1)


Message History

The bolt hits you.
An orc warrior comes into view. It is wielding a +0 hand axe.
As you close the huge gate, it creaks loudly!
An orc warrior opens the huge gate.
The orc high priest mumbles some strange prayers to Beogh.
There is an open door to the Entrance Hall (Safe) here.
You close the door.
You start waiting.
A red film seems to cover your vision as you go berserk!
You feel yourself moving faster!
You feel mighty!
The chaos spawn gives a hideous shriek!
You closely miss the quokka.
The quokka bites you but does no damage.
You closely miss the quokka. The quokka misses you.
You mangle the quokka!!
You kill the quokka!
Trog accepts your kill.
The orc high priest invokes the aid of Beogh against you.
Pain shoots through your body!
There is an open door to the Entrance Hall (Safe) here.
You see here a quokka corpse.
You closely miss the orc high priest.
The orc high priest hits you with a +0 mace.
The orc warrior hits you from afar with a +0 halberd!
The soul eater hits you.
* * * LOW HITPOINT WARNING * * *
You feel drained.
* * * LOW HITPOINT WARNING * * *
The orc warrior shouts!
You claw the orc high priest!
The orc high priest is moderately wounded.
You closely miss the orc high priest.
The orc high priest is moderately wounded.
The orc warrior closely misses you.
The orc high priest completely misses you.
The soul eater closely misses you.
You closely miss the orc high priest.
The orc high priest is moderately wounded.
The orc warrior hits you from afar with a +0 halberd!
You die...

##########++######
#................#
#......#..#......#
#................+
+......o.........+
#...o4.#..#......#
#...o3oo.........#
####@#####'o######
#.......##+'#
#.......##..oo
#.......##..r..
#...<...##.o...#
#.......##o..###
#.......##o.##
#.......#
#########


You could see a soul eater (summoned), an orc high priest, a chaos spawn
(summoned), 3 orc warriors and an orc.

Vanquished Creatures
  A quokka (D)
1 creature vanquished.

Notes
Turn   | Place    | Note
-------+----------+-------------------------------------------
     0 | D        | sircluck the Troll Berserker began the quest for the Orb.
     0 | D        | Reached XP level 1. HP: 22/22 MP: 0/0
    11 | D        | Noticed an orc high priest
    11 | D        | Noticed an orc warrior
    11 | D        | Noticed an orc warrior
    11 | D        | Noticed an orc warrior
    17 | D        | Noticed a soul eater
    24 | D        | Noticed a chaos spawn
    32 | D        | Slain by an orc warrior

Illustrated notes

Levels and vault maps discovered:
D:        pitsprint [storerooms_1, entrance_room_1, metal_vault_4, armoury_1,
          mini_pit_1, grid_room_1, main_hall_1, silver_pit, the_coven_1,
          the_vestibule_1, steel_vault_5, golden_pit, hallway_of_sentries,
          crystal_vault_4, iron_vault_1, final_vault]

Action                     || total
---------------------------++-------
  Melee: Unarmed           ||     7
 Invoke: Berserk           ||     1
 Armour: Animal skin       ||     1
  Dodge: Dodged            ||     4

Table legend: (Time is in decaauts)
 A = Elapsed time spent in this place.
 B = Non-inter-level travel time spent in this place.
 C = Inter-level travel time spent in this place.
 D = Time resting spent in this place.
 E = Time spent auto-exploring this place.
 F = Levels seen in this place.
 G = Mean time per level.
                   A        B        C        D        E       F      G
               +--------+--------+--------+--------+--------+-----+--------+
         Total |     29 |     29 |      0 |      4 |     10 |   1 |   29.0 |
       Dungeon |     29 |     29 |      0 |      4 |     10 |   1 |   29.0 |
               +--------+--------+--------+--------+--------+-----+--------+

Top non-repeatable levels by time:
       D: 29 daAuts
